 Dungeon Crawl Stone Soup version 0.19.5 (webtiles) character file.

177 epen the Skirmisher (level 5, -6/63 HPs)
             Began as a Demonspawn Monk on July 31, 2017.
             Mangled by an orc warrior
             ... wielding a +0 war axe
              (11 damage)
             ... on level 3 of the Dungeon.
             The game lasted 00:06:25 (3735 turns).

epen the Skirmisher (Demonspawn Monk)               Turns: 3735, Time: 00:06:26

Health: -6/63      AC: 22    Str: 12    XL:     5   Next: 31%
Magic:  5/5        EV:  2    Int: 12    God:
Gold:   160        SH:  0    Dex: 15    Spells: 0 memorised, 4 levels left

rFire  . . .     SeeInvis .     a - +0 falchion
rCold  . . .     Gourm    .     (armour currently unavailable)
rNeg   + + +     Faith    .     (no shield)
rPois  +         Spirit   .     (helmet currently unavailable)
rElec  .         Reflect  .     (cloak currently unavailable)
rCorr  .         Harm     .     (gloves currently unavailable)
MR     .....     NoTele   +     (boots currently unavailable)
Stlth  ++........               (no amulet)
                                (no ring)
                                (no ring)

@: tree-form, slowed, heavily drained, very slow
A: (antennae 0), repulsion field 1, powered by death 1
a: no special abilities


You were on level 3 of the Dungeon.
You were hungry.
You were a tree.
You visited 1 branch of the dungeon, and saw 3 of its levels.

You collected 160 gold pieces.

Inventory:

Hand Weapons
 a - a +0 falchion (weapon)
 o - a -2 dagger
Armour
 b - a +0 robe
 h - a +0 cloak (melded)
 i - a +0 ring mail (melded)
Jewellery
 k - an uncursed amulet of harm
Wands
 m - a wand of flame (28/48)
Scrolls
 l - 2 scrolls of teleportation
 p - a scroll of blinking {unknown}
 r - a scroll of recharging {unknown}
 s - 2 scrolls of identify
 t - a scroll of amnesia {unknown}
Potions
 d - 2 potions of flight
 e - a potion of lignification
 f - 2 potions of heal wounds {unknown}
Comestibles
 c - 4 bread rations
 g - a meat ration
 j - a beef jerky
 q - 5 fruits


   Skills:
 + Level 3.9(2.8) Fighting
 + Level 3.8(2.6) Long Blades
 + Level 1.8(0.7) Armour
 + Level 3.5(2.4) Dodging
 - Level 1.7(0.6) Stealth


You had 4 spell levels left.
You didn't know any spells.

Dungeon Overview and Level Annotations

Branches:
Dungeon (3/15)

Altars:
Uskayaw
Xom


Innate Abilities, Weirdness & Mutations

((You have a pair of small antennae on your head.))
You are surrounded by a mild repulsion field. (EV +2)
You regenerate a little health from kills.


Message History

The orc warrior hits you but does no damage.
You slash the orc warrior!
The orc warrior is moderately wounded.
The orc wizard hits you but does no damage. x2
The orc warrior hits you but does no damage.
The orc wizard hits you but does no damage.
You hit the orc warrior but do no damage.
The orc warrior is moderately wounded.
The orc wizard hits you but does no damage.
The orc warrior hits you but does no damage.
The orc wizard casts a spell at you.
You feel as though you will be slow longer.
The orc warrior hits you but does no damage.
The orc wizard barely misses you.
You hit the orc warrior.
The orc warrior is moderately wounded.
The orc wizard barely misses you.
The orc wizard hits you but does no damage.
The orc warrior hits you with a war axe!
You die...

<.# ###.##### #......#.. .##
##.## #.#######. .# #...# ##.##
## ># #...###### #...# .#
#........# #...# #### .#
#####...####.# #...# #...
.######..>.........#####.#####...
.#.†.............o.....[.........
.#§####.........♣o.##.†....###...
....<.#####...####.##......# #...
.#.##.# #....o...##......# ####
##[##.# #...########....##
...##.# ###..)### #.#### #####.#
#.......# ####.### . ..#
#..#.#..# #......#
#########..#.#..# #.##.#.########
#......##....#..# #.##...........


You could see an orc warrior and an orc wizard.

Vanquished Creatures
  8 adders
  2 worms
  2 dart slugs (D:3)
  2 leopard geckos (D:3)
  6 orcs (D:3)
  A ball python (D:3)
  7 bats
  11 giant cockroaches
  9 goblins
  8 hobgoblins
  5 jackals (D:1)
  6 kobolds
  3 quokkas
  7 frilled lizards
  6 rats
83 creatures vanquished.

Notes
Turn   | Place    | Note
-------+----------+-------------------------------------------
     0 | D:1      | epen the Demonspawn Monk began the quest for the Orb.
     0 | D:1      | Reached XP level 1. HP: 18/18 MP: 1/1
    45 | D:1      | Gained mutation: You have a pair of small antennae on your head. [demonic ancestry]
    45 | D:1      | Reached XP level 2. HP: 9/24 MP: 2/2
   985 | D:2      | Reached XP level 3. HP: 22/29 MP: 3/3
  1081 | D:2      | Reached skill level 1 in Armour
  2417 | D:2      | Gained mutation: You regenerate a little health from kills. [demonic ancestry]
  2417 | D:2      | Reached XP level 4. HP: 35/35 MP: 4/4
  2857 | D:3      | Found a shimmering altar of Xom.
  2875 | D:3      | Found a hide-covered altar of Uskayaw.
  2875 | D:3      | Noticed a hand axe
  2876 | D:3      | Noticed a dagger
  3077 | D:3      | Noticed an orc warrior
  3379 | D:3      | Gained mutation: You are surrounded by a mild repulsion field. (EV +2) [demonic ancestry]
  3379 | D:3      | Reached XP level 5. HP: 33/42 MP: 5/5
  3731 | D:3      | HP: 2/42 [orc warrior/war axe (3)]
  3735 | D:3      | Mangled by an orc warrior

Skill      XL: |  1  2  3 |
---------------+----------+-----
Long Blades    | 3 |  3.8
Dodging        | 3 |  3.5
Armour         | 1 |  1.8
Fighting       | |  3.9
Stealth        | |  1.7

Action                   |  1- 3 |  4- 6 || total
-------------------------+-------+-------++-------
Melee: Falchion          |   146 |   185 ||   331
  Use: Scroll            |     5 |       ||     5
       Potion            |       |     1 ||     1
 Stab: Sleeping          |     5 |       ||     5
  Eat: Chunk             |     5 |     4 ||     9
Armor: Robe              |    19 |    17 ||    36
       Ring mail         |       |    40 ||    40
       Skin              |       |     9 ||     9
Dodge: Dodged            |   100 |   117 ||   217
       Rpst.: Falchion   |    32 |    38 ||    70
